 Dungeon Crawl Stone Soup version 0.30.1-11-g7821555f0a (webtiles) character file.

Game seed: 44613673880721792

494 monsoonserge the Trooper (level 6, -2/48 HPs)
             Began as a Demonspawn Warper on Jan 4, 2024.
             Slain by an ogre
             ... wielding a +0 giant spiked club
              (30 damage)
             ... on level 5 of the Dungeon.
             The game lasted 00:09:25 (3671 turns).

monsoonserge the Trooper (Demonspawn Warper)        Turns: 3671, Time: 00:09:25

Health: -2/48      AC:  6    Str: 12    XL:     6   Next: 92%
Magic:  7/9        EV: 12    Int: 16    God:
Gold:   226        SH:  0    Dex: 12    Spells: 7/9 levels left

rFire   + . .        t - +2 dagger (venom)
rCold   . . .        (no shield)
rNeg    . . .        v - +0 leather armour {rF+}
rPois   .            j - +0 helmet
rElec   .            (no cloak)
rCorr   .            (no gloves)
SInv    .            (no boots)
Will    .....        n - amulet of regeneration
Stlth   +            (no ring)
HPRegen 1.08/turn    (no ring)
MPRegen 0.11/turn

%: no passive effects
@: brilliant
A: icy blue scales 1, powered by death 1, demonic touch 1
a: no special abilities


You were on level 5 of the Dungeon.
You visited 1 branch of the dungeon, and saw 5 of its levels.

You collected 226 gold pieces.

Inventory:

Hand Weapons
 t - a +2 dagger of venom (weapon)
 x - the +10 sling of the Arena {antimagic, rPois rF++ Int+4 Dex-5}
   (You found it on level 4 of the Dungeon)

   Int:       It affects your intelligence (+4).
   Dex:       It affects your dexterity (-5).
   rF:        It greatly protects you from fire.
   rPois:     It protects you from poison.
Missiles
 d - 7 boomerangs of dispersal (quivered)
 k - 6 boomerangs
Armour
 j - a +0 helmet (worn)
 v - a +0 leather armour of fire resistance (worn)
Jewellery
 b - an amulet of the acrobat
 n - an amulet of regeneration (around neck)
Scrolls
 a - a scroll of magic mapping {unknown}
 c - a scroll of blinking
 e - 3 scrolls of identify {unknown}
 g - a scroll of amnesia {unknown}
 i - 3 scrolls of teleportation {unknown}
 p - a scroll of fear {unknown}
 u - a scroll of enchant weapon {unknown}
 w - a scroll of immolation {unknown}
Potions
 f - a potion of attraction {unknown}
 h - a potion of cancellation {unknown}
 l - a potion of brilliance
 m - a potion of flight {unknown}
 o - 8 potions of curing {unknown}
 q - 3 potions of lignification {unknown}
 r - a potion of haste {unknown}
 s - a potion of might {unknown}


   Skills:
 + Level 3.7 Fighting
 + Level 2.3(2.8) Short Blades
 - Level 2.2(2.7) Long Blades
 + Level 1.5 Throwing
 + Level 3.3 Armour
 + Level 3.3 Dodging
 + Level 1.0 Unarmed Combat
 - Level 2.0 Spellcasting
 + Level 2.9 Translocations


You had 7 spell levels left.
You knew the following spells:

 Your Spells              Type           Power      Damage    Failure   Level
a - Blink                 Tloc           32%        N/A       12%         2

Your spell library contained the following spells:

 Spells                   Type           Power      Damage    Failure   Level
 Lesser Beckoning         Tloc           32%        N/A       12%         2
 Teleport Other           Tloc           16%        N/A       24%         3
 Vhi's Electric Charge    Tloc/Air       18%        N/A       41%         3
 Hailstorm                Conj/Ice       2%         3d3       61%         3
 Manifold Assault         Tloc           16%        N/A       61%         4
 Ice Form                 Ice/Tmut       2%         N/A       95%         4
 Fireball                 Conj/Fire      1%         3d3       100%        5
 Iskenderun's Battlesphe  Conj           2%         2d6       100%        5
 Conjure Ball Lightning   Conj/Air       1%         3x3d6     100%        6
 Simulacrum               Ice/Necr       1%         N/A       100%        6
 Orb of Destruction       Conj           1%         9d5       100%        7


Dungeon Overview and Level Annotations

Branches:
Dungeon (5/15)
 Temple: D:4-7

Altars:
Kikubaaqudgha
Makhleb
Qazlal
Sif Muna
Uskayaw
Yredelemnul

Shops:
D:1 (

Annotations:
D:1 fly for JUCARPH KEXOUG
D:4 3 runed translucent doors, dcgrp's ghost, amateur MfGl


Innate Abilities, Weirdness & Mutations

You are partially covered in icy blue scales. (AC +2)
You regenerate a little health from kills.
Your touch may inflict minor irresistible damage on your foes.


Message History

The hound barely misses you. The hound bites you.
You miss the hound.
You touch the hound.
The hound is almost dead.
The hound misses you.
You hit the hound.
You kill the hound!
You see here a hound corpse.
Could not explore, unopened runed door.
You see here a +0 mace.
There is an open door here.
There is a stone staircase leading down here.
You climb downwards.
Found 8 stones and a scroll labelled GUANOC VYDAVU.
There is a stone staircase leading up here.
An ogre comes into view. It is wielding a +0 giant spiked club.
The ogre shouts!
Found a dagger and a pair of boots.
The iguana barely misses you.
You hit the iguana.
The iguana is poisoned.
You touch the iguana!
The iguana is severely wounded.
You closely miss the iguana. Your touch misses the iguana.
The iguana is severely wounded.
The iguana bites you!
You barely miss the iguana. Your touch misses the iguana.
The iguana is severely wounded.
The iguana bites you!
You hit the iguana.
The iguana is almost dead.
The iguana bites you.
Casting: Blink (safe; 12% risk of failure)
Confirm with . or Enter, or press ? or * to list all spells.
You blink.
You aren't carrying any items that you can evoke.
It was a potion of brilliance.
You feel clever all of a sudden.
You feel stable enough to blink again.
You kill the iguana!
You hit the ogre.
The ogre is poisoned.
You touch the ogre!
The ogre is heavily wounded.
The ogre hits you with a +0 giant spiked club!!
Ouch! That really hurt!
You die...

###########
##.....#....
##..........[
#<......(....
#............
#..†.........
#@O..........
#....?......)
##...........
##..........
#..........
#..........
...........
.........
#.......#


You could see an ogre (very poisoned).

Vanquished Creatures
  2 scorpions (D:4)
  A hound (D:4)
  2 orc priests (D:4)
  2 iguanas
  A sleepcap (D:4)
  4 gnolls (D:3)
  3 adders
  4 shadow imps (D:4)
  A white imp (D:4)
  2 ufetubi
  3 dart slugs
  9 orcs (D:4)
  10 ball pythons
  11 endoplasms
  2 giant cockroaches
  8 goblins
  7 hobgoblins
  6 kobolds
  4 quokkas
  8 bats
  2 frilled lizards (D:1)
  2 rats (D:3)
94 creatures vanquished.

Notes
Turn   | Place    | Note
-------+----------+-------------------------------------------
     0 | D:1      | monsoonserge the Demonspawn Warper began the quest for the
                  | Orb.
     0 | D:1      | Reached XP level 1. HP: 16/16 MP: 3/3
   200 | D:1      | Reached skill level 1 in Armour
   231 | D:1      | Reached skill level 1 in Throwing
   330 | D:1      | Gained mutation: You regenerate a little health from kills.
                  | [demonic ancestry]
   330 | D:1      | Reached XP level 2. HP: 18/22 MP: 5/5
   500 | D:1      | Learned a level 2 spell: Blink
   648 | D:1      | Gained mutation: Your touch may inflict minor irresistible
                  | damage on your foes. [demonic ancestry]
   648 | D:1      | Reached XP level 3. HP: 24/27 MP: 6/6
   749 | D:1      | Found Bysify's Antique Weapon Emporium.
  2012 | D:3      | Reached XP level 4. HP: 34/34 MP: 7/7
  2024 | D:3      | Reached skill level 1 in Unarmed Combat
  2554 | D:3      | Found an ancient bone altar of Kikubaaqudgha.
  2561 | D:3      | Found a shimmering blue altar of Sif Muna.
  2570 | D:3      | Found a basalt altar of Yredelemnul.
  2578 | D:3      | Found a hide-covered altar of Uskayaw.
  2585 | D:3      | Found a stormy altar of Qazlal.
  2592 | D:3      | Found a burning altar of Makhleb.
  2847 | D:4      | Found a runed translucent gate.
  2847 | D:4      | Found a runed translucent gate.
  2847 | D:4      | Found a runed translucent gate.
  2865 | D:4      | Noticed dcgrp's ghost (amateur MfGl)
  2925 | D:4      | Noticed a scorpion
  2940 | D:4      | Reached skill level 1 in Short Blades
  2940 | D:4      | Gained mutation: You are partially covered in icy blue
                  | scales. (AC +2) [demonic ancestry]
  2940 | D:4      | Reached XP level 5. HP: 30/40 MP: 8/8
  3109 | D:4      | Reached XP level 6. HP: 33/47 MP: 9/9
  3216 | D:4      | Identified the +10 sling of the Arena {antimagic, rPois
                  | rF++ Int+4 Dex-5}
  3658 | D:5      | Entered Level 5 of the Dungeon
  3671 | D:5      | Slain by an ogre

Illustrated notes

Levels and vault maps discovered:
D:1:      dpeg_arrival_brainrot, layout_basic, serial_shops, shop, minmay_cupped
D:2:      layout_basic, minmay_misc_feat_enclosed
D:3:      layout_loops_ring, grunt_temple_overflow_octagram,
          minmay_randomly_rotated_circles
D:4:      layout_basic, gammafunk_ghost_icy, serial_demonic, serial_demonic_a,
          serial_demonic_a, serial_demonic_c, serial_demonic_g, minmay_between
D:5:      layout_rooms, doesnt_xom_only_xom, serial_shops, shop

Skill      XL: |  1  2  3  4  5  6 |
---------------+-------------------+-----
Armour         | 1 2 3 |  3.3
Throwing       | 1 |  1.5
Long Blades    | 2 |  2.2
Dodging        | 2 3 |  3.3
Unarmed Combat | 1 |  1.0
Short Blades   | 1 2 |  2.3
Fighting       | 3 |  3.7
Spellcasting   | |  2.0
Translocations | |  2.9

Action                     |  1- 3 |  4- 6 || total
---------------------------+-------+-------++-------
  Melee: Falchion          |    95 |       ||    95
         Dagger            |    16 |   132 ||   148
         Touch             |    10 |    32 ||    42
         Punch             |       |     1 ||     1
   Cast: Blink             |       |     1 ||     1
    Use: Potion            |       |     1 ||     1
 Armour: Leather armour    |    40 |    26 ||    66
         Ring mail         |       |     1 ||     1
  Dodge: Dodged            |    79 |    73 ||   152
